 Dungeon Crawl Stone Soup version 0.29.1-14-g9c671dbff4 (webtiles) character file.

Game seed: 14585144314473034015

5 DemonSlayer the Digger (level 1, -1/13 HPs)
             Began as a Demonspawn Earth Elementalist on Feb 19, 2023.
             Slain by a ball python (3 damage)
             ... on level 1 of the Dungeon.
             The game lasted 00:00:43 (204 turns).

DemonSlayer the Digger (DsEE)                        Turns: 204, Time: 00:00:44

Health: -1/13      AC:  2    Str:  8    XL:     1   Next: 66%
Magic:  1/3        EV: 12    Int: 16    God:
Gold:   8          SH:  0    Dex: 13    Spells: 3/4 levels left

rFire   . . .      SeeInvis .   e - +0 hand axe
rCold   . . .      Faith    .   (no shield)
rNeg    . . .      Spirit   .   a - +0 robe
rPois   .          Reflect  .   (no helmet)
rElec   .          Harm     .   (no cloak)
rCorr   .          Rampage  .   (no gloves)
Will    .....                   (no boots)
Stlth   ++........              (no amulet)
HPRegen 0.04/turn               (no ring)
MPRegen 0.08/turn               (no ring)

@: no status effects
A: no striking features
a: no special abilities


You were on level 1 of the Dungeon.
You visited 1 branch of the dungeon, and saw 1 of its levels.

You collected 8 gold pieces.

Inventory:

Hand Weapons
 e - a +0 hand axe (weapon)
Armour
 a - a +0 robe (worn)
Scrolls
 c - a scroll of vulnerability {unknown}
Potions
 b - a potion of magic
 d - a potion of mutation {unknown}


   Skills:
 + Level 1.9 Dodging
 + Level 1.7 Stealth
 + Level 2.2 Spellcasting
 + Level 0.8 Transmutations
 + Level 2.8 Earth Magic


You had 3 spell levels left.
You knew the following spells:

 Your Spells              Type           Power      Damage    Failure   Level
a - Sandblast             Erth           20%        2d7       6%          1

Your spell library contained the following spells:

 Spells                   Type           Power      Damage    Failure   Level
 Passwall                 Tmut/Erth      5%         N/A       14%         2
 Stone Arrow              Conj/Erth      12%        3d7       34%         3
 Petrify                  Tmut/Erth      7%         N/A       67%         4


Dungeon Overview and Level Annotations

Branches:
Dungeon (1/15)

Altars:


Message History

A hobgoblin is nearby!
A hobgoblin is nearby!
The blast of sand hits the hobgoblin.
The hobgoblin is almost dead.
The hobgoblin shouts!
You hear a shout!
The blast of sand misses the hobgoblin.
The blast of sand misses the hobgoblin.
The hobgoblin barely misses you.
A hobgoblin comes into view.
You are out of magic!
You are out of magic!
There are monsters nearby!
You are out of magic!
You are out of magic!
You hit the hobgoblin but do no damage. You punch the hobgoblin.
You kill the hobgoblin!
You are out of magic!
You are out of magic!
You are out of magic!
You are out of magic!
You closely miss the hobgoblin. The hobgoblin hits you.
You hit the hobgoblin but do no damage. The hobgoblin hits you.
A ball python comes into view.
You barely miss the hobgoblin. The hobgoblin hits you. x2
You are too injured to fight recklessly!
You are too injured to fight recklessly!
You are too injured to fight recklessly!
You are too injured to fight recklessly!
You hit the hobgoblin.
The hobgoblin is almost dead.
The hobgoblin hits you.
* * * LOW HITPOINT WARNING * * *
You hit the hobgoblin.
You kill the hobgoblin!
You see here a hobgoblin corpse.
You closely miss the ball python. The ball python misses you.
The ball python barely misses you.
You barely miss the ball python. The ball python closely misses you. x2
The ball python misses you. The ball python barely misses you.
You closely miss the ball python. The ball python bites you.
You die...

### ... ... ...
..)# #.# #..# #.#
#..#### #.#
#.....# #S#
#.....### #@#
####.......# #.#
#..........## #.#
#.##........# #.#
#.##.....##.## #.#
#.##.....##...
#.###.##....######
#.##...#.##.# #
#........##.#
####...####.#


You could see a ball python.

Vanquished Creatures
  A dart slug (D:1)
  2 hobgoblins (D:1)
3 creatures vanquished.

Notes
Turn   | Place    | Note
-------+----------+-------------------------------------------
     0 | D:1      | DemonSlayer the Demonspawn Earth Elementalist began the
                  | quest for the Orb.
     0 | D:1      | Reached XP level 1. HP: 13/13 MP: 3/3
   204 | D:1      | Slain by a ball python

Illustrated notes

Levels and vault maps discovered:
D:1:      dpeg_arrival_leaves_temple_mockup, layout_loops_ring, serial_forest,
          infiniplex_forest_fountain, infiniplex_forest_lined_2,
          infiniplex_forest_lined_3_way, infiniplex_forest_end_2,
          infiniplex_forest_lined_4_way, infiniplex_forest_lined_room_,
          infiniplex_forest_3_way, ebering_ecumenical_altar_webs,
          corexii_leaking_fountain

Action                   || total
-------------------------++-------
Melee: Hand axe          ||    10
       Punch             ||     1
 Cast: Sandblast         ||     4
Dodge: Dodged            ||     9
